Map: Deathaura LE

Players

Powerfoe

  • Race: Terran Terran
  • League: Master
  • Spawn Location: 5:00

A.I. 1 (Very Easy) - Winner!

  • Race: Protoss Protoss
  • Spawn Location: 11:00

VOD

Have the link to the VOD?

Description

Time

  • Played on: Sept. 21, 2020, 6:01 p.m.
  • Length: 9:04
Show
View Real Time Build Order
Export as new Build Order

Powerfoe Terran 

Build Orders:  

Get SALT Encoding   

  6  0:00  SCV  
  13  0:12  SCV  
  14  0:16  Supply Depot  
  14  0:24  SCV  
  15  0:38  SCV  
  15  0:39  Barracks  
  16  0:50  SCV  
  16  0:51  Barracks  
  17  1:02  SCV  
  18  1:05  Supply Depot  
  18  1:14  SCV  
  19  1:27  Marine, Orbital Command  
  20  1:38  Marine  
  21  1:44  Marine  
  22  1:53  SCV  
  23  1:56  Marine  
  23  1:59  Command Center  
  24  2:02  Marine  
  24  2:05  SCV  
  26  2:10  Supply Depot  
  26  2:16  Refinery  
  26  2:17  SCV  
  26  2:19  Refinery  
  27  2:23  Marine x2  
  27  2:29  SCV  
  30  2:35  Bunker  
  30  2:41  Marine, SCV  
  30  2:42  Marine  
  33  2:51  Barracks  
  33  2:53  SCV  
  34  3:02  Barracks Tech Lab  
  34  3:06  Barracks Reactor  
  34  3:08  SCV  
  34  3:10  Engineering Bay  
  35  3:17  Orbital Command  
  35  3:20  SCV  
  35  3:24  Stimpack  
  35  3:26  Marine  
  37  3:35  SCV  
  37  3:36  Terran Infantry Weapons Level 1  
  37  3:39  Barracks Tech Lab  
  38  3:42  SCV  
  38  3:43  Marine  
  38  3:44  Marine  
  38  3:46  Marine  
  38  3:47  SCV  
  43  3:54  SCV  
  44  3:55  Supply Depot  
  44  3:58  Combat Shield  
  44  3:59  SCV  
  45  4:03  Marine  
  45  4:06  SCV  
  48  4:12  Marauder x2, SCV  
  53  4:19  SCV  
  53  4:21  Marine x2  
  56  4:24  Supply Depot  
  56  4:27  Factory  
  56  4:29  SCV  
  56  4:31  SCV  
  58  4:36  Marauder x2  
  62  4:39  Supply Depot  
  62  4:46  Marine x2, SCV x2, Supply Depot  
  66  4:58  Marauder x2  
  70  5:01  SCV x2  
  70  5:03  Refinery  
  70  5:04  Supply Depot  
  70  5:06  Concussive Shells  
  72  5:10  Marine x2  
  72  5:13  SCV x2, Starport  
  76  5:19  Factory Reactor  
  76  5:21  Marine x2  
  77  5:25  SCV x2  
  77  5:26  Supply Depot  
  80  5:30  Marine x2, Supply Depot  
  82  5:36  Terran Infantry Armor Level 1  
  82  5:39  SCV x2  
  82  5:40  Marine x2  
  86  5:47  Marine x2  
  88  5:51  SCV x2  
  88  5:52  Command Center  
  91  6:05  Medivac x2  
  91  6:06  Marauder x2  
  91  6:07  Marine x2  
  91  6:11  Refinery  
  101  6:16  Barracks, Factory Reactor  
  101  6:17  Barracks  
  100  6:20  SCV x2  
  100  6:24  Supply Depot  
  102  6:26  Supply Depot  
  102  6:32  SCV x2  
  104  6:34  Marine x2  
  104  6:35  Marauder  
  104  6:36  Missile Turret  
  108  6:44  Medivac  
  108  6:46  Medivac, Marauder, SCV x2  
  116  6:49  Supply Depot  
  116  6:50  Supply Depot  
  116  6:54  Armory  
  116  6:58  Marauder  
  116  6:59  SCV x2  
  120  7:04  Orbital Command  
  120  7:09  Engineering Bay  
  120  7:11  SCV x2  
  120  7:12  Barracks Reactor, Barracks Tech Lab  
  120  7:15  Widow Mine  
  124  7:16  Widow Mine  
  124  7:22  Marine x2  
  127  7:23  Marauder, SCV x2  
  127  7:24  Marauder  
  134  7:30  Refinery, SCV  
  134  7:32  Refinery  
  134  7:34  Medivac x2  
  134  7:35  SCV x2  
  141  7:40  Supply Depot  
  141  7:43  SCV  
  142  7:44  Supply Depot  
  142  7:45  Supply Depot  
  142  7:47  SCV x2  
  144  7:54  Marauder  
  144  7:55  Marauder x2, Marine x2  
  144  7:56  Marine x2  
  154  8:07  Widow Mine x2  
  154  8:10  Supply Depot x2  
  154  8:11  Supply Depot  
  158  8:14  Marine x3  
  158  8:15  Marine  
  158  8:18  Marauder x2  
  158  8:19  Marauder  
  168  8:21  Viking  
  168  8:22  Viking  
  172  8:32  Widow Mine x2  
  176  8:34  Marine x4  
  176  8:40  Marauder x3  
  186  8:45  Command Center  
Show
View Real Time Build Order
Export as new Build Order

A.I. 1 (Very Easy) Protoss - Winner!

Build Orders:  

Get SALT Encoding   

  6  0:00  Probe  
  13  0:13  Probe  
  14  0:19  Pylon  
  14  0:36  Assimilator  
  14  0:43  Gateway  
  14  0:46  Pylon  
  14  1:13  Assimilator  
  14  1:22  Probe  
  14  1:29  Zealot  
  14  1:30  Probe  
  17  1:34  Cybernetics Core  
  17  1:38  Probe  
  19  1:49  Probe  
  20  2:00  Warp Gate  
  20  2:01  Probe  
  21  2:13  Probe  
  22  2:42  Stalker  
  24  5:36  Probe  
  24  6:58  Stalker  
  24  7:00  Pylon  
  26  7:18  Probe  
  26  7:22  Pylon  
  27  7:26  Zealot, Probe, Nexus  
  29  7:33  Robotics Facility  
  29  7:34  Probe  
  31  7:46  Probe  
  32  7:51  Pylon  
  32  7:55  Stalker  
  34  7:59  Probe  
  35  8:22  Observer  
  35  8:23  Zealot  
  38  8:33  Pylon  
  38  8:38  Probe, Observer  
  39  8:46  Probe  
  39  8:47  Assimilator  
  41  8:49  Assimilator  
  41  8:52  Stalker  
Tags
 
League
Master
Matchup
PvT
Spawn Locations
Cross Positions
Add a new tag
Caveats
  • Supply blocks, unpowered buildings, or Contaminate may cause inaccurate times.
  • Supply counts are checked every 10 seconds.